 Dungeon Crawl Stone Soup version 0.28-a0-80-g9707f7362f (webtiles) character file.

Game seed: 9928001371877640131

265 pokeman the Magician (level 5, -3/29 HPs)
             Began as a Deep Elf Hedge Wizard on Aug 4, 2021.
             Slain by Blork the orc (8 damage)
             ... on level 6 of the Dungeon.
             The game lasted 00:06:07 (3024 turns).

pokeman the Magician (Deep Elf Hedge Wizard)        Turns: 3024, Time: 00:06:09

Health: -3/29      AC:  3    Str:  7    XL:     5   Next: 99%
Magic:  6/16       EV: 12    Int: 20    God:
Gold:   67         SH:  0    Dex: 14    Spells: 5/17 levels left

rFire   . . .      SeeInvis .   a - +0 dagger
rCold   . . .      Faith    .   (no shield)
rNeg    . . .      Spirit   .   i - +0 leather armour
rPois   .          Reflect  .   c - +0 hat
rElec   .          Harm     .   (no cloak)
rCorr   .          Rampage  .   (no gloves)
Will    .....                   (no boots)
Stlth   ++........              b - amulet of regeneration
HPRegen 1.09/turn               (no ring)
MPRegen 0.15/turn               (no ring)

@: very slightly contaminated
A: no striking features
a: no special abilities


You were on level 6 of the Dungeon.
You visited 1 branch of the dungeon, and saw 4 of its levels.

You collected 67 gold pieces.

Inventory:

Hand Weapons
 a - a +0 dagger (weapon)
Armour
 c - a +0 hat (worn)
 i - a +0 leather armour (worn)
Jewellery
 b - an amulet of regeneration (around neck)
 l - a ring of ice
Wands
 m - a wand of acid (6)
Scrolls
 e - 4 scrolls of identify {unknown}
 f - 2 scrolls of magic mapping {unknown}
 h - a scroll of fog {unknown}
 j - a scroll of fear {unknown}
 k - 2 scrolls of enchant armour {unknown}
Potions
 d - a potion of curing {unknown}
 g - a potion of cancellation {unknown}


   Skills:
 + Level 1.1 Fighting
 - Level 1.0 Armour
 - Level 3.0 Dodging
 - Level 3.0 Stealth
 * Level 6.6 Spellcasting
 + Level 3.0 Conjurations
 - Level 1.1 Summonings
 - Level 1.1 Translocations
 - Level 1.0 Fire Magic
 - Level 1.0 Air Magic
 + Level 0.8 Poison Magic


You had 5 spell levels left.
You knew the following spells:

 Your Spells              Type           Power      Damage    Failure   Level
a - Magic Dart            Conj           72%        1d6       4%          1
b - Mephitic Cloud        Conj/Pois/Air  13%        N/A       22%         3
c - Call Imp              Summ           11%        N/A       14%         2
d - Blink                 Tloc           N/A        N/A       14%         2
e - Conjure Flame         Conj/Fire      14%        6-21      19%         3
f - Foxfire               Conj/Fire      56%        2x1d6     6%          1

Your spell library contained the following spells:

 Spells                   Type           Power      Damage    Failure   Level
 Slow                     Hex            6%         N/A       22%         2


Dungeon Overview and Level Annotations

Branches:
Dungeon (3/15)

Altars:
Qazlal
Ru
Yredelemnul

Shops:
D:1 (

Annotations:
D:6 Blork the orc


Message History

The spell is quite dangerous to cast (19% risk of failure)!
Continue anyway?
Okay, then.
Casting: Conjure Flame (quite dangerous; 19% risk of failure)
Confirm with . or Enter, or press ? or * to list all spells.
The spell is quite dangerous to cast (19% risk of failure)!
Continue anyway?
The fire begins to smoulder!
The fire ignites!
Casting: Conjure Flame (quite dangerous; 19% risk of failure)
Confirm with . or Enter, or press ? or * to list all spells.
A beastly little devil appears in a puff of frigid air.
The wight hits your white imp with a +1 dagger.
Unknown command.
You hit the wyvern skeleton.
The wyvern skeleton is lightly damaged.
The wyvern skeleton bites you.
Your white imp hits the wight but does no damage.
The wight hits your white imp with a +1 dagger.
Unknown command.
Casting: Call Imp (safe; 14% risk of failure)
Confirm with . or Enter, or press ? or * to list all spells.
You miscast Blink.
You are very lightly contaminated with residual magic.
Nothing appears to happen.
The wyvern skeleton bites you! The wight barely misses your white imp.
Your white imp closely misses the wight.
The wight completely misses your white imp.
Casting: Blink (safe; 14% risk of failure)
Confirm with . or Enter, or press ? or * to list all spells.
You blink.
The wight hits you with a +0 long sword!
* * * LOW HITPOINT WARNING * * *
Your white imp barely misses the wight.
Unknown command.
Casting: Blink (safe; 14% risk of failure)
Confirm with . or Enter, or press ? or * to list all spells.
You blink.
A wight comes into view. It is wielding a +0 dire flail.
Blork the orc shouts!
Blork the orc hits you with a +0 war axe!
You die...

########
#......#####+####
#......##.......#
#.......#@⌠z..⌠.#
#####...#.o...z.#
#...'...⌠(..+
#...#..z....#
#.z.#.⌠...⌠.#
#...#.......#
#§..####+####
#..5Z§.......
#############


You could see Blork the orc and 4 wights.

Vanquished Creatures
  A hound (D:2)
  2 orc priests (D:3)
  A centaur skeleton (D:3)
  A hound zombie (D:3)
  A hound skeleton (D:3)
  5 adders
  A white imp (D:3)
  An ufetubus (D:3)
  An adder zombie (D:3)
  An adder skeleton (D:3)
  2 dart slugs
  5 orcs (D:3)
  7 bats
  4 endoplasms
  3 giant cockroaches
  5 goblins
  A hobgoblin (D:1)
  4 ball pythons
  A ball python skeleton (D:3)
  2 frilled lizards (D:1)
  7 kobolds
  5 rats
61 creatures vanquished.

Vanquished Creatures (collateral kills)
  A hound skeleton (D:3)
  A worm (D:3)
2 creatures vanquished.

Vanquished Creatures (others)
  100 foxfires
  4 withered plants (D:3)
104 creatures vanquished.

Grand Total: 167 creatures vanquished

Notes
Turn   | Place    | Note
-------+----------+-------------------------------------------
     0 | D:1      | pokeman the Deep Elf Hedge Wizard began the quest for the
                  | Orb.
     0 | D:1      | Reached XP level 1. HP: 10/10 MP: 7/7
   276 | D:1      | Found Maxun's Antique Weapon Boutique.
   378 | D:1      | Reached XP level 2. HP: 16/16 MP: 7/9
   580 | D:1      | Found a faded altar of an unknown god.
   586 | D:1      | Got Plato's Catalogue of Flames
  1052 | D:2      | Reached skill level 1 in Fighting
  1052 | D:2      | Reached skill level 1 in Armour
  1052 | D:2      | Reached skill level 5 in Spellcasting
  1052 | D:2      | Reached XP level 3. HP: 17/20 MP: 0/11
  1056 | D:2      | Learned a level 3 spell: Mephitic Cloud
  1059 | D:2      | Learned a level 2 spell: Call Imp
  1062 | D:2      | Learned a level 2 spell: Blink
  1066 | D:2      | Learned a level 3 spell: Conjure Flame
  1068 | D:2      | Learned a level 1 spell: Foxfire
  1530 | D:2      | Reached XP level 4. HP: 25/25 MP: 8/13
  2405 | D:3      | Found a sacrificial altar of Ru.
  2411 | D:3      | Reached skill level 1 in Fire Magic
  2528 | D:3      | Reached skill level 6 in Spellcasting
  2528 | D:3      | Reached XP level 5. HP: 29/29 MP: 10/15
  2592 | D:3      | Reached skill level 1 in Air Magic
  2690 | D:3      | Found a stormy altar of Qazlal.
  2690 | D:3      | Found a basalt altar of Yredelemnul.
  3005 | D:3      | You fall into a shaft and drop 3 floors!
  3011 | D:6      | Noticed Blork the orc
  3024 | D:6      | Slain by Blork the orc

Illustrated notes

Levels and vault maps discovered:
D:1:      dpeg_arrival_refuge, layout_rooms,
          shapermc_ecumenical_altar_rom_forum, serial_shops, shop,
          minmay_heptomino_l4
D:2:      layout_basic
D:3:      layout_loops_ring, grunt_temple_overflow_open, serial_undead,
          serial_undead_c, serial_undead_d, serial_undead_b, serial_undead_f,
          serial_undead_e
D:6:      layout_basic, minmay_fountain_box, nrook_campfire, uniq_blork_the_orc

Skill      XL: |  1  2  3  4  5 |
---------------+----------------+-----
Fighting       | 1 |  1.1
Armour         | 1 |  1.0
Spellcasting   | 5 6 |  6.6
Conjurations   | 2 3 |  3.0
Fire Magic     | 1 |  1.0
Dodging        | 3 |  3.0
Air Magic      | 1 |  1.0
Stealth        | 3 |  3.0
Summonings     | |  1.1
Translocations | |  1.1
Poison Magic   | |  0.8

Action                   |  1- 3 |  4- 6 || total
-------------------------+-------+-------++-------
Melee: Dagger            |     3 |    11 ||    14
 Cast: Magic Dart        |    44 |    13 ||    57
       Foxfire           |     9 |    51 ||    60
       Call Imp          |       |     3 ||     3
       Conjure Flame     |       |     3 ||     3
       Mephitic Cloud    |       |     2 ||     2
       Blink             |       |     2 ||     2
Armor: Robe              |     3 |       ||     3
       Leather armour    |     1 |     4 ||     5
Dodge: Dodged            |    10 |    15 ||    25

Table legend: (Time is in decaauts)
 A = Elapsed time spent in this place.
 B = Non-inter-level travel time spent in this place.
 C = Inter-level travel time spent in this place.
 D = Time resting spent in this place.
 E = Time spent auto-exploring this place.
 F = Levels seen in this place.
 G = Mean time per level.
                   A        B        C        D        E       F      G
               +--------+--------+--------+--------+--------+-----+--------+
         Total |   3023 |   2966 |     57 |      0 |   2610 |   4 |  755.8 |
       Dungeon |   3023 |   2966 |     57 |      0 |   2610 |   4 |  755.8 |
               +--------+--------+--------+--------+--------+-----+--------+

Top non-repeatable levels by time:
     D:2: 1355 daAuts
     D:1: 982 daAuts
     D:3: 666 daAuts
     D:6: 18 daAuts
